 Dungeon Crawl Stone Soup version 0.29-a0-542-g075992c915 (webtiles) character file.

Game seed: 12741990537704900560

387 ytrimaz the Cutter (level 6, -4/38 HPs)
             Began as a Gargoyle Fighter on June 5, 2022.
             Killed by divine providence
             ... invoked by an orc priest
              (11 damage)
             ... on level 4 of the Dungeon.
             The game lasted 00:05:02 (3101 turns).

ytrimaz the Cutter (Gargoyle Fighter)               Turns: 3101, Time: 00:05:03

Health: -4/38      AC: 15    Str: 21    XL:     6   Next: 78%
Magic:  6/6        EV:  9    Int:  9    God:
Gold:   202        SH:  4    Dex:  9    Spells: 5/5 levels left

rFire   . . .      SeeInvis .   k - +10 dagger "Bingo" {vamp, rN+}
rCold   . . .      Faith    +   c - +0 buckler
rNeg    + + .      Spirit   .   b - +0 scale mail
rPois   ∞          Reflect  .   h - +2 hat
rElec   +          Harm     .   (no cloak)
rCorr   .          Rampage  .   o - +1 Delatra's gloves {ID++}
Will    .....                   (no boots)
Stlth   ..........              g - amulet of faith
HPRegen 0.12/turn               (no ring)
MPRegen 0.10/turn               (no ring)

@: mighty
A: sickness immunity, AC +4, negative energy resistance 1, electricity
resistance, torment resistance 1, petrification resistance
a: no special abilities


You were on level 4 of the Dungeon.
You visited 1 branch of the dungeon, and saw 4 of its levels.

You collected 202 gold pieces.

Inventory:

Hand Weapons
 a - a +0 war axe
 k - the +10 dagger "Bingo" (weapon) {vamp, rN+}
   (You found it on level 2 of the Dungeon)

   It occasionally heals its wielder for a portion of the damage dealt when it
   wounds a living foe.
   rN:        It protects you from negative energy.
Armour
 b - a +0 scale mail (worn)
 c - a +0 buckler (worn)
 h - a +2 hat (worn)
 o - the +1 Delatra's gloves (worn) {ID++}
   (You found it on level 2 of the Dungeon)

   It heals its wearer when they drink unknown potions.
   It restores its wearer's MP when they read unknown scrolls.
Jewellery
 g - an amulet of faith (around neck)
Scrolls
 j - a scroll of silence
 m - 4 scrolls of teleportation
 p - a scroll of fog
 s - a scroll of enchant weapon {unknown}
 t - 2 scrolls of noise
 u - 2 scrolls of enchant armour {unknown}
Potions
 e - 2 potions of flight {unknown}
 f - 5 potions of curing {unknown}
 i - 3 potions of heal wounds {unknown}
 l - 2 potions of magic {unknown}
 n - a potion of mutation {unknown}
 q - a potion of lignification {unknown}
Miscellaneous
 r - a phial of floods (quivered)


   Skills:
 - Level 3.8 Fighting
 * Level 4.5 Short Blades
 - Level 2.5 Axes
 - Level 4.1 Armour
 - Level 4.0 Shields
 + Level 0.2 Evocations


You had 5 spell levels left.
You didn't know any spells.
Your spell library was empty.

Dungeon Overview and Level Annotations

Branches:
Dungeon (4/15)
 Temple: D:4-7

Altars:

Shops:
D:3 ?


Innate Abilities, Weirdness & Mutations

You are immune to sickness and miasma.
Your stone body is resilient. (AC +4)
You are immune to poison.
You resist negative energy. (rN+)
You are resistant to electric shocks. (rElec)
You are resistant to unholy torment.
You are immune to petrification.


Message History

Something tries to affect you, but you resist.
The orc throws a stone.
You block the stone. The jackal barely misses you.
The jackal bites you but does no damage.
The jackal bites you but does no damage.
The jackal attacks as you move away! The jackal barely misses you.
You feel very mighty all of a sudden.
The jackal bites you but does no damage.
The jackal closely misses you.
You puncture the jackal!
You feel better.
You kill the jackal!
Something hits you but does no damage.
The orc throws a stone.
The stone barely misses you.
You impale something!!
You feel better.
Reactivating autopickup.
You feel a bit more experienced.
The orc throws a stone.
The stone hits you but does no damage. The orc hits you with a +0 hand axe.
The orc priest invokes the aid of Beogh against you.
Beogh smites you!
Things that are here:
a +0 dagger; a +0 robe; an orc corpse You impale the orc!!
You kill the orc!
You puncture the black bear!
You feel better.
The black bear is moderately wounded.
The black bear completely misses you.
The black bear claws you but does no damage. x2
The orc priest mumbles some strange prayers to Beogh against you.
Beogh smites you!
The orc priest calls down the wrath of Beogh upon you.
Beogh smites you!
* * * LOW HITPOINT WARNING * * *
You puncture the black bear!
The black bear is severely wounded.
The black bear bites you but does no damage.
You block the black bear's attack.
The black bear claws you but does no damage.
The orc priest invokes the aid of Beogh against you.
Beogh smites you!
You die...

########
#..@hoh###
#..####ooh#
#.##[.##..####
#.#....#.....##
#.#....#..h...#
#.##.)#####.o.#
#. ##)###.##oh#
.#####.'?.)#..#
##...†###.##..#


You could see a black bear, 2 orc priests, an orc and 2 jackals.

Vanquished Creatures
  A phantom (D:4)
  A howler monkey (D:4)
  2 iguanas (D:4)
  2 orc wizards
  6 adders
  3 worms
  2 dart slugs
  13 orcs
  13 ball pythons
  6 endoplasms
  4 giant cockroaches
  5 goblins
  4 hobgoblins
  5 jackals
  6 kobolds
  3 quokkas
  4 bats
  7 frilled lizards
  7 rats
94 creatures vanquished.

Notes
Turn   | Place    | Note
-------+----------+-------------------------------------------
     0 | D:1      | ytrimaz the Gargoyle Fighter began the quest for the Orb.
     0 | D:1      | Reached XP level 1. HP: 14/14 MP: 1/1
   212 | D:1      | Reached XP level 2. HP: 10/19 MP: 2/2
   969 | D:1      | Reached XP level 3. HP: 19/23 MP: 3/3
  1452 | D:2      | Found a faded altar of an unknown god.
  1644 | D:2      | Reached XP level 4. HP: 29/29 MP: 4/4
  1930 | D:2      | Identified the +10 dagger "Bingo" {vamp, rN+}
  2105 | D:2      | Found the +1 Delatra's gloves {ID++}
  2111 | D:2      | Reached skill level 1 in Short Blades
  2221 | D:3      | Reached XP level 5. HP: 33/33 MP: 5/5
  2272 | D:3      | Found Baacal's Magic Scroll Boutique.
  3002 | D:4      | Reached XP level 6. HP: 38/38 MP: 6/6
  3066 | D:4      | Noticed a black bear
  3101 | D:4      | Killed from afar by an orc priest

Illustrated notes

Levels and vault maps discovered:
D:1:      dpeg_arrival_line_fractal, layout_loops_ring,
          corexii_item_surrounded_by_moat, minmay_domino_2
D:2:      layout_basic, hellmonk_ecumenical_altar_blasted,
          dreamdust_wishing_well, pf_guarded_unrand_delatra
D:3:      layout_loops_ring, serial_shops, shop, hangedman_decor_push,
          minmay_checkerbox
D:4:      layout_rooms, grunt_qazlal_clouds, minmay_joined_circles

Skill      XL: |  1  2  3  4  5  6 |
---------------+-------------------+-----
Axes           | 2 |  2.5
Armour         | 4 |  4.1
Short Blades   | 1 3 4 |  4.5
Shields        | 4 |  4.0
Fighting       | |  3.8
Evocations     | |  0.2

Action                   |  1- 3 |  4- 6 || total
-------------------------+-------+-------++-------
Melee: War axe           |   131 |    21 ||   152
       Dagger            |       |   127 ||   127
Evoke: Phial of floods   |       |     1 ||     1
  Use: Scroll            |     6 |     2 ||     8
       Potion            |       |     1 ||     1
Armor: Scale mail        |   113 |    78 ||   191
Dodge: Dodged            |    85 |    73 ||   158
Block: Buckler           |    28 |    30 ||    58

Table legend: (Time is in decaauts)
 A = Elapsed time spent in this place.
 B = Non-inter-level travel time spent in this place.
 C = Inter-level travel time spent in this place.
 D = Time resting spent in this place.
 E = Time spent auto-exploring this place.
 F = Levels seen in this place.
 G = Mean time per level.
                   A        B        C        D        E       F      G
               +--------+--------+--------+--------+--------+-----+--------+
         Total |   3154 |   3056 |     98 |     16 |   2243 |   4 |  788.5 |
       Dungeon |   3154 |   3056 |     98 |     16 |   2243 |   4 |  788.5 |
               +--------+--------+--------+--------+--------+-----+--------+

Top non-repeatable levels by time:
     D:1: 1402 daAuts
     D:2: 863 daAuts
     D:3: 613 daAuts
     D:4: 274 daAuts
